[Event "FIDE WSCC 50 2022"]
[Site "Assisi"]
[Date "2022.11.19"]
[Round "5.11"]
[White "Calzetta Ruiz, Monica"]
[Black "Bellia, Fabrizio"]
[Result "0-1"]
[ECO "C76"]
[WhiteElo "2244"]
[BlackElo "2398"]
[Annotator "TA"]
[PlyCount "98"]
[EventDate "2022.11.14"]
[EventType "swiss"]
[EventCountry "ITA"]
[SourceTitle "playchess.com"]
[Source "ChessBase"]
[SourceQuality "1"]
[TimeControl "40/5400+30:1800+30"]

1. e4 e5 2. Nf3 Nc6 3. Bb5 a6 4. Ba4 d6 5. O-O Bd7 6. c3 g6 7. d4 Bg7 8. Bb3 Nf6 {[%emt 0:02:27] C76: Ruy Lopez: Deferred Steinitz: 5 c3 Bd7 6 d4 g6.} 9. Ng5 (9. Nbd2 $142) 9... O-O $11 10. f4 {[%emt 0:00:08] [#]} exd4 $146 {[%emt 0:11:04] Black is slightly better.} ({Predecessor:} 10... Qe7 11. fxe5 dxe5 12. d5 Na5 13. Bc2 c5 14. Qe1 Nh5 15. a4 c4 16. Qf2 f5 {½-½ (41) Agopov,M (2419)-Huebner,R (2598) Finland 2010}) 11. cxd4 h6 12. Nxf7 Rxf7 13. e5 Bg4 $1 14. Bxf7+ (14. Qd2 $142) 14... Kxf7 $17 15. Qb3+ Be6 16. Qxb7 {[%emt 0:00:28] [#]} Na5 {[%emt 0:09:21] The board is on fire.} (16... Nxd4 $6 17. exf6 Bxf6 18. Nc3 $15) ({Black should play} 16... Bd5 $1 $17 17. Nc3 (17. exf6 $2 Bxf6 18. Nc3 Bxd4+ 19. Kh1 Ra7 $19) 17... Ra7 18. Qxa7 Nxa7 19. exf6 Bc4 20. fxg7 Bxf1 21. Kxf1 Qh4) 17. Qf3 $11 {[%emt 0:00:14] Prevents Ne4. f5 is the strong threat.} Nd5 $1 18. Nc3 Nxc3 19. bxc3 dxe5 $1 20. fxe5+ Kg8 21. Rb1 Qd5 22. Qg3 Kh7 23. Rb2 Rf8 (23... c5 $11 24. Qf3 (24. Rb6 $2 Nc4 $19) 24... Qxf3 25. Rxf3 g5) 24. Rxf8 $14 Bxf8 25. Rf2 (25. h4 $1 $14) 25... Bg7 26. Qh4 (26. Ba3 $11) 26... c5 (26... Nc6 $5 ) 27. Qe7 {[%emt 0:01:25][%cal Oc1h6] [#] Strongly threatening Bxh6!} Nc6 28. Qxc5 Qxc5 29. dxc5 Bxe5 30. Bd2 Kg7 {[%emt 0:02:49][%mdl 1024] Black has compensation.} 31. a3 g5 32. Rf1 Na5 (32... Bc4 $15 33. Rd1 Kg6) 33. Rb1 Bd5 (33... Nc4 $5 34. Be1 Kf6 $15) 34. Rb4 {[%emt 0:01:44] Black continues to play with concentration.} (34. Rd1 $11 {keeps the balance.}) 34... Nc4 $17 35. Be1 Kf6 {[%emt 0:01:44] Black has more active pieces.} ({But not} 35... Nxa3 36. Ra4 Nc4 37. Rxa6 $11) 36. h4 (36. Bg3 $17 {might work better.}) 36... Ke6 (36... a5 $19 37. Rb1 Ke6 38. hxg5 hxg5) 37. hxg5 (37. c6 $17) 37... hxg5 $19 38. a4 a5 39. Rb3 (39. Rb5 {is tougher.}) 39... Bc6 40. Rb1 Bxa4 {[%emt 0:00:25] This bishop pair is nice.} 41. Bf2 Kd5 {[%emt 0:35:36] Prevents Bd4.} 42. Bd4 Bxd4+ 43. cxd4 Bc6 44. Rd1 a4 45. Kf2 Ke4 46. g3 a3 {[%emt 0:00:00] ( -> ...g4)} 47. Ke2 g4 48. Kf2 Ba4 49. Rb1 Kxd4 {[%emt 0:00:00] Weighted Error Value: White=0.61/Black=0.24 (precise)} 0-1

[Event "FIDE WSCC 50 2022"]
[Site "Assisi"]
[Date "2022.11.19"]
[Round "5.12"]
[White "de Francesco, Klaus"]
[Black "Vinter-Schou, Uffe"]
[Result "1-0"]
[ECO "A68"]
[WhiteElo "2171"]
[BlackElo "2375"]
[Annotator "TA"]
[PlyCount "63"]
[EventDate "2022.11.14"]
[EventType "swiss"]
[EventCountry "ITA"]
[SourceTitle "playchess.com"]
[Source "ChessBase"]
[SourceQuality "1"]
[TimeControl "40/5400+30:1800+30"]

1. d4 g6 2. c4 Bg7 3. e4 c5 4. d5 d6 5. Nc3 Nf6 6. f4 O-O 7. Nf3 Bg4 8. Be2 Na6 9. O-O Nc7 10. a4 e6 11. h3 Bxf3 12. Bxf3 exd5 13. cxd5 Nd7 14. Be3 {[%emt 0:08:56] [#] A68: Modern Benoni: Four Pawns Attack without 9...Re8.} (14. g4 {is more complex.} Qh4 15. Kh2 Rae8 16. Be3) 14... Na6 $146 ({Predecessor:} 14... a6 15. Qd3 Rb8 16. a5 b6 17. axb6 Rxb6 18. Na4 Rb4 19. Bd2 Rd4 20. Qc2 Qh4 {0-1 (47) Sutter,O (2422)-Glek,I (2537) Switzerland 2006}) 15. Nb5 Qf6 16. Rf2 {[%emt 0:03:42] White is slightly better.} Rfe8 ({Black should try} 16... Nb4 $14) 17. Rc1 {[%emt 0:05:54] White is more active.} h5 (17... Red8 $16 {might work better.}) 18. Qd2 $18 Bf8 (18... Rf8 $142 19. g4 hxg4 20. hxg4 (20. Bxg4 Rad8 $16) 20... Qe7) 19. Rcf1 Qg7 20. f5 Nf6 21. fxg6 fxg6 (21... Qxg6 22. Bg5 Nh7) 22. Bg5 {[%emt 0:02:08] [#] Bxf6 is the strong threat.} Nd7 (22... Nh7 {is a better defense.} 23. Bf4 Rad8) 23. Be2 {[%emt 0:04:22][%cal Of2f7] Hoping for Rf7!} Ne5 {[%emt 0:04:48] Against Rf7} 24. Rf6 Qd7 (24... c4 $142 25. Nxd6 Bxd6) 25. Bf4 {[%emt 0:02:04] Threatens to win with Bxe5.} Nf7 26. Rxg6+ Bg7 27. Bxh5 {[%emt 0:01:46][%cal Og6g7,Be2h5,Bh5g4,Bg4e6][%mdl 32] [#] Strongly threatening Rxg7+!} Rxe4 28. Bg4 {[%emt 0:00:37] A strong pair of Bishops.} Qe7 29. Be6 Kh8 30. Qd1 {[%emt 0:02:19] White wants to mate with Qh5+.} Rd8 31. Qh5+ Kg8 32. Bh6 {[%emt 0:01:03] Black got outplayed after the opening.  Weighted Error Value: White=0.24 (precise) /Black=1.14} 1-0

[Event "FIDE WSCC 50 2022"]
[Site "Assisi"]
[Date "2022.11.19"]
[Round "5.13"]
[White "Grant, Jonathan I M"]
[Black "Paschall, William"]
[Result "1/2-1/2"]
[ECO "A36"]
[WhiteElo "2154"]
[BlackElo "2343"]
[Annotator "TA"]
[PlyCount "128"]
[EventDate "2022.11.14"]
[EventType "swiss"]
[EventCountry "ITA"]
[SourceTitle "playchess.com"]
[Source "ChessBase"]
[SourceQuality "1"]
[TimeControl "40/5400+30:1800+30"]

1. c4 g6 2. g3 Bg7 3. Bg2 c5 4. Nc3 Nc6 5. e4 a6 6. a4 {[%emt 1:32:32] A36: Symmetrical English vs ...g6: 4 Bg2 Bg7.} d6 7. Nge2 Rb8 8. O-O Bd7 9. d3 Qc8 {[%emt 0:06:09] [#]} 10. Be3 $146 ({Predecessor:} 10. Re1 Bh3 11. Bh1 h5 12. Be3 h4 13. f3 hxg3 14. hxg3 Nd4 15. Rb1 Bd7 16. Bg2 {½-½ (72) Valles,M (2248)-Foisor,C (2401) Vaujany 2012}) 10... Nf6 11. f3 h5 12. h4 Bh3 13. Nd5 (13. d4 $11) 13... Bxg2 $15 14. Kxg2 Nd7 15. d4 e6 16. Ndc3 cxd4 17. Nxd4 O-O 18. b3 Nc5 19. Rb1 Ne5 20. Nde2 Qc7 21. Qd2 b6 22. Rfd1 Rbd8 23. Nf4 Qc6 24. Bd4 Rc8 25. Qe2 Rfe8 26. Nh3 Rcd8 27. Nf2 f5 (27... Rc8 $11 {remains equal.}) 28. exf5 $16 gxf5 29. Nh3 Ncd7 30. Nf4 Nf6 31. Nd3 {[%emt 0:01:53] White is more active.} (31. Bxe5 dxe5 32. Rxd8 (32. Qxe5 $2 Rxd1 33. Rxd1 Ne4 $19) 32... Rxd8 $11) (31. Rbc1 $16) 31... Ng6 32. Kh3 (32. Qd2 $11) 32... e5 $17 33. Nb4 Qb7 34. Bf2 {[%emt 0:00:17] [#]} e4 $2 (34... f4 35. Nbd5 $11) (34... Nf4+ $1 $17 {stays on course.} 35. gxf4 exf4) 35. f4 (35. Ncd5 $16) 35... e3 36. Bg1 (36. Bxe3 $5 Ng4 37. Rd3 $16) 36... Ng4 37. Ncd5 Re4 $1 (37... a5 38. Nc2 $16) 38. Nc2 Rde8 $1 39. Ne1 {[%emt 0:00:14] [#]} (39. Bxe3 Ne7 40. Rd3 Nxd5 41. cxd5 b5 42. axb5 axb5 $17) (39. Rf1 $11) 39... Bh6 $2 (39... Rxf4 $1 $17 {[%mdl 512] Strongly threatening ...Rfe4.} 40. gxf4 (40. Nxf4 Nf2+ 41. Qxf2 exf2 42. Neg2 Nxf4+ 43. Nxf4 Qh1+ 44. Bh2 Re1) 40... Qxd5 $3 ) 40. Ng2 $1 $14 Qg7 (40... Bg7 $1 $14) 41. Rd3 $16 ({Wrong is} 41. Ngxe3 $2 Bxf4 $1 42. Qb2 Bxe3 $19) 41... Qb7 (41... Ne7 $16) 42. Bxe3 (42. Ngxe3 Bxf4 $1 43. gxf4 Nxf4+ 44. Nxf4 Rxf4 $15) (42. Rxe3 $18 {is more deadly.} Qd7 43. Qd3 (43. Nxb6 Qe6 $16)) 42... Bg7 (42... Ne7 $16 {was necessary.}) 43. Qc2 (43. Qf1 $18) 43... b5 ({Black should try} 43... Ne7 $1 $14) 44. axb5 axb5 45. cxb5 {[%emt 0:03:28] Hoping for Qc6.} Rc8 {[%emt 0:01:12] [#] Prevents Qc6.} 46. Qd2 Qxb5 {[%emt 0:00:37] [#]} 47. Nc3 $2 ({Only move:} 47. Bg1 $1 $18) 47... Bxc3 $11 48. Rxc3 Rxc3 49. Qxc3 Qe2 50. Re1 Qf3 {[%emt 0:02:46][%cal Oe4e3] ( -> ...Rxe3!)} 51. Bd4 {[%emt 0:00:56] Chess con chili.} Nf2+ {[%emt 0:05:00] Pair of Knights!} 52. Kh2 Ng4+ (52... Rxe1 $1 $11 53. Qxe1 (53. Qxf3 $2 Rh1#) 53... Ng4+ 54. Kh3 Qxb3) 53. Kg1 $14 Rxe1+ 54. Nxe1 Qe4 55. Qc4+ (55. Nf3 $16) 55... d5 (55... Kf8 $5 56. Bf2 Ne7 $14) 56. Qc3 Qe2 57. Nf3 $40 {[%emt 0:00:31][%mdl 128] White attacks.} Qd1+ {[%emt 0:00:37] The position is equal.} 58. Kg2 {[%emt 0:00:30] aiming for Qb2.} Qe2+ 59. Kg1 Nf8 60. Ng5 Qd1+ 61. Kg2 {[%emt 0:00:09] Qb2 is the strong threat.} Qe2+ 62. Kg1 Qd1+ 63. Kg2 Qe2+ 64. Kg1 Qd1+ {[%emt 0:00:38] Blacks defense is rewarded with a draw.  Weighted Error Value: White=0.28 (precise) /Black=0.21 (precise)} 1/2-1/2

[Event "FIDE WSCC 50 2022"]
[Site "Assisi"]
[Date "2022.11.19"]
[Round "5.14"]
[White "Wollenweber, Carsten"]
[Black "Arakhamia-Grant, Ketevan"]
[Result "1/2-1/2"]
[ECO "A46"]
[WhiteElo "2033"]
[BlackElo "2327"]
[Annotator "TA"]
[PlyCount "83"]
[EventDate "2022.11.14"]
[EventType "swiss"]
[EventCountry "ITA"]
[SourceTitle "playchess.com"]
[Source "ChessBase"]
[SourceQuality "1"]
[TimeControl "40/5400+30:1800+30"]

1. Nf3 Nf6 2. b3 d6 3. d4 g6 4. Bb2 Bg7 5. Nbd2 O-O 6. e4 Nh5 {[%emt 0:05:30] A46: 1 d4 Nf6 2 Nf3 e6: Torre, London and Colle Systems.} 7. g3 c5 {[%emt 0:02:17] [#]} 8. Bg2 $146 ({Predecessor:} 8. Be2 cxd4 9. Bxd4 Nf6 10. h4 Nc6 11. c3 d5 12. exd5 Nxd4 13. cxd4 Bg4 14. Nc4 Nxd5 {0-1 (36) Harris,I (2275)-Sambuev,B (2597) Montreal 2014}) 8... Nc6 {[%emt 0:00:34][%cal Rc5d4] The position is equal.} 9. c3 b5 10. d5 Na5 11. Qc2 e6 12. c4 Bxb2 13. Qxb2 bxc4 {[%emt 0:00:12] aiming for ...exd5.} 14. bxc4 Ba6 $1 15. Qc3 exd5 16. cxd5 f5 17. e5 dxe5 ({Better is} 17... Rb8 $15) 18. Nxe5 $11 {[%emt 0:00:09] Strongly threatening 0-0-0.} Nf6 19. O-O-O {[%emt 0:03:08] Hoping for Rhe1.} Rb8 $1 20. Rhe1 {[%emt 0:03:59] Black must now prevent Nb3.} Qb6 {[%emt 0:01:25] Against Nb3} (20... Rb4 $1 $11) 21. d6 Bb7 22. Bf1 {[%emt 0:01:16] Active counter play!} (22. Ndc4 $16 Nxc4 23. Nxc4) 22... Bd5 23. Nec4 Nxc4 24. Bxc4 {[%emt 0:00:12] Dancing on a razor blade.} Qb4 25. Qxb4 cxb4 (25... Rxb4 $11 26. Bxd5+ Nxd5) 26. Kb2 (26. Bxd5+ $1 $16 Nxd5 27. Nc4) 26... Rfd8 $14 27. Bxd5+ Nxd5 28. Nc4 Nc3 29. Rd4 {[%emt 0:00:22] Threatens to win with Re7.} Nb5 (29... Kf8 $16 {was necessary.}) 30. Rd5 (30. Rd2 $1 $18) 30... Nc3 $16 31. Rd4 (31. Rde5 $16) 31... Nb5 $1 $18 32. Rd2 Rd7 (32... Rbc8 $2 33. d7 $1 Ra8 34. f3 $18) 33. Re5 ({White has to play} 33. Kb3 $18) 33... Kf8 {[%emt 0:00:29] [#]} (33... Na3 $16 34. Kb3 (34. Nxa3 bxa3+ 35. Kxa3 Kf7 $14) 34... Nxc4 35. Kxc4 Kf7) 34. f3 $2 (34. Rc5 $1 $18) 34... a6 $2 (34... Na3 $14 35. Kb3 (35. Nxa3 bxa3+ 36. Kxa3 Rb6 $14) 35... Nxc4 36. Kxc4 Kf7) 35. Red5 Rbd8 36. Kb3 Rb7 $2 (36... Nc3 {was called for.}) 37. Ne5 Rb6 (37... Nc3 $2 38. Rc5 Nb5 39. d7 $18 (39. Kxb4 Rxd6 40. Rxd6 Nxd6+ 41. Kc3 Nb5+ 42. Kd3 Ke7 $14)) 38. d7 Ke7 39. Nc4 $2 (39. Kc4 $18 {has better winning chances.} Nc3 40. Rc5) 39... Rb7 $16 40. Ne5 $2 (40. Na5 $16 Rc7 41. Kxb4) 40... Rb6 $18 41. Nc4 $2 (41. Rc5 $18) 41... Rb7 $16 42. Ne5 {[%emt 0:00:19] Weighted Error Value: White=0.57/Black=0.27 (precise)} (42. Na5 $16 Rc7 43. Kxb4) 1/2-1/2

[Event "FIDE WSCC 50 2022"]
[Site "Assisi"]
[Date "2022.11.19"]
[Round "5.15"]
[White "Arkell, Keith C"]
[Black "Makropoulou, Marina"]
[Result "1-0"]
[ECO "D36"]
[WhiteElo "2408"]
[BlackElo "2153"]
[Annotator "TA"]
[PlyCount "71"]
[EventDate "2022.11.14"]
[EventType "swiss"]
[EventCountry "ITA"]
[SourceTitle "playchess.com"]
[Source "ChessBase"]
[SourceQuality "1"]
[TimeControl "40/5400+30:1800+30"]

1. Nf3 Nf6 2. c4 e6 3. Nc3 d5 4. cxd5 exd5 5. d4 c6 6. Qc2 Na6 7. a3 Nc7 8. Bg5 g6 {[%emt 0:03:05] D36: Queen's Gambit Declined: Exchange Variation: Main line (5 Bg5 c6 6 Qc2).} 9. e3 Bf5 10. Bd3 Bxd3 {[%emt 0:00:05] The position is equal.} 11. Qxd3 Be7 12. b4 O-O 13. O-O {[%emt 0:00:17] [#]} Re8 $146 ({Predecessor:} 13... Ne4 14. Bf4 Nxc3 15. Bxc7 Qxc7 16. Qxc3 {½-½ (16) Vaganian,R (2645)-Kasparov,G (2795) Horgen 1995}) 14. Bxf6 Bxf6 15. b5 cxb5 16. Nxb5 Ne6 17. a4 a6 18. Nc3 Rc8 19. a5 Ng7 20. Rfb1 {[%emt 0:04:01] Black is now going downhill.} Rc7 21. Na4 g5 ({Black should try} 21... Be7) 22. Nb6 {[%emt 0:01:14] White is more active.} g4 {[%emt 0:01:46] [#]} 23. Ne1 Re6 24. Qb3 Rd6 25. Nd3 Nf5 26. Nf4 Bg5 27. Nfxd5 {[%emt 0:06:10] Pair of Knights!} ({But not} 27. Nbxd5 Rcd7 28. Nb6 Bxf4 29. Nxd7 (29. exf4 Nxd4 30. Qa2 Re7 $15) 29... Qxd7 $18) 27... Rcc6 28. Nb4 Rxb6 (28... Rc7 {might work better.} 29. Nc4 Re6) 29. axb6 $18 Nh4 $2 (29... Rxb6 30. Qd5 Nd6) 30. Nd3 {[%emt 0:02:51] White is clearly winning.} Qf6 31. Ne5 Qf5 32. Rc1 Kg7 33. Qc2 {[%emt 0:04:47] [#] Black must now prevent Qxf5.} Qe6 34. Qc8 Rxb6 35. Qxe6 fxe6 36. Rc7+ {[%emt 0:00:12] Weighted Error Value: White=0.22 (precise) /Black=0.47} 1-0